 Dungeon Crawl Stone Soup version 0.28-a0-511-gcc94558de3 (webtiles) character file.

Game seed: 4075169952721722321

22 Zeld the Skirmisher (level 2, -2/24 HPs)
             Began as a Demonspawn Abyssal Knight on Sept 21, 2021.
             Was a Follower of Lugonu.
             Slain by a gnoll (7 damage)
             ... on level 1 of the Dungeon.
             The game lasted 00:05:38 (2088 turns).

Zeld the Skirmisher (Demonspawn Abyssal Knight)     Turns: 2088, Time: 00:05:38

Health: -2/24      AC:  3    Str: 13    XL:     2   Next: 68%
Magic:  4/4        EV: 10    Int: 11    God:    Lugonu [*.....]
Gold:   27         SH:  3    Dex: 13    Spells: 1/1 levels left

rFire   . . .      SeeInvis .   a - +1 short sword
rCold   . . .      Faith    .   j - +0 buckler
rNeg    . . .      Spirit   .   b - +0 leather armour
rPois   .          Reflect  .   (no helmet)
rElec   .          Harm     .   (no cloak)
rCorr   .          Rampage  .   (no gloves)
Will    .....                   (no boots)
Stlth   +.........              (no amulet)
HPRegen 0.08/turn               (no ring)
MPRegen 0.09/turn               (no ring)

@: no status effects
A: powered by death 1
a: Renounce Religion, Depart the Abyss


You were on level 1 of the Dungeon.
You worshipped Lugonu.
Lugonu was aware of your devotion.
You visited 1 branch of the dungeon, and saw 2 of its levels.
You visited the Abyss 1 time.

You collected 27 gold pieces.

Inventory:

Hand Weapons
 a - a +1 short sword (weapon)
Armour
 b - a +0 leather armour (worn)
 j - a +0 buckler (worn)
Scrolls
 c - a scroll of magic mapping {unknown}
 d - a scroll of fear {unknown}
 e - a scroll of identify {unknown}
 f - a scroll of amnesia {unknown}
 h - a scroll of immolation {unknown}
 i - a scroll of enchant armour {unknown}
Potions
 g - a potion of lignification {unknown}


   Skills:
 + Level 3.1 Fighting
 * Level 2.1 Short Blades
 + Level 2.0 Armour
 * Level 1.5 Dodging
 + Level 0.0 Shields
 + Level 2.7 Invocations


You had one spell level left.
You didn't know any spells.
Your spell library contained the following spells:

 Spells                   Type           Power      Damage    Failure   Level
 Summon Small Mammal      Summ           0%         N/A       58%         1
 Slow                     Hex            0%         N/A       75%         2
 Call Canine Familiar     Summ           0%         N/A       92%         3
 Confusing Touch          Hex            0%         N/A       92%         3
 Summon Guardian Golem    Hex/Summ       0%         N/A       92%         3
 Yara's Violent Unravell  Hex/Tmut       0%         3d3       100%        5


Dungeon Overview and Level Annotations

Branches:
Dungeon (2/15)

Altars:


Innate Abilities, Weirdness & Mutations

You regenerate a little health from kills.


Message History

There is a stone staircase leading up here.
You start resting.
A gnoll is nearby!
A gnoll is nearby!
A gnoll is nearby!
The gnoll shouts!
You hear a shout!
The gnoll misses you.
You climb upwards.
There is a stone staircase leading down here.
You hit the gnoll but do no damage. The gnoll closely misses you.
You hit the gnoll.
The gnoll is moderately wounded.
The gnoll barely misses you.
You hit the gnoll.
The gnoll is severely wounded.
The gnoll hits you with a +0 flail.
You barely miss the gnoll.
The gnoll is severely wounded.
The gnoll hits you with a +0 flail.
* * * LOW HITPOINT WARNING * * *
You are too injured to fight recklessly!
You are too injured to fight recklessly!
You are too injured to fight recklessly!
You closely miss the gnoll.
The gnoll is severely wounded.
The gnoll hits you with a +0 flail.
* * * LOW HITPOINT WARNING * * *
Why would you want to do that?
You enter the shallow water.
Moving in this stuff is going to be slow.
Welcome back, Zeld the Demonspawn Abyssal Knight.
Lugonu says: Spread carnage and corruption!
Press ? for a list of commands and other information.
There is a staircase leading out of the dungeon here.
Why would you want to do that?
You enter the shallow water.
Moving in this stuff is going to be slow.
Okay, then.
The gnoll hits you with a +0 flail!
You die...

+..##..#.....#...................
##.##..♣.♣.......................
##..>............................
.......♣.♣........#'####.#.......
####.......##))...#.####.######..
.............................g+..
..........####......##.########..
......♣.♣.# #..........# #.#
......♣.♣.# #..g@.#.######### #.#
......♣.♣.# #.#.###.........# #.#
..........# #.#.......≈.....###..
######....# #.#..###...≈≈........
###....###.#..# #...≈≈≈≈...... #
#.............# #....≈≈≈≈≈...≈ #
#..........#..# #....≈≈≈≈≈≈.≈≈
####..........#..# #.....≈≈≈≈≈≈≈≈
..##..........#..###.....≈≈≈.....


You could see a gnoll.

Vanquished Creatures
  3 endoplasms (D:1)
  A giant cockroach (D:1)
  2 goblins (D:1)
  A quokka (D:1)
  2 ball pythons (D:1)
  3 frilled lizards (D:1)
  5 kobolds (D:1)
  3 rats
20 creatures vanquished.

Vanquished Creatures (others)
  4 plants (D:1)
4 creatures vanquished.

Grand Total: 24 creatures vanquished

Notes
Turn   | Place    | Note
-------+----------+-------------------------------------------
     0 | Abyss:1  | Zeld the Demonspawn Abyssal Knight began the quest for the
                  | Orb.
     0 | Abyss:1  | Reached XP level 1. HP: 18/18 MP: 2/2
    31 | Abyss:1  | Noticed a raiju
    31 | Abyss:1  | Noticed a raiju
   109 | Abyss:1  | Noticed a large abomination
   115 | Abyss:1  | Noticed a quasit
   119 | D:1      | Escaped the Abyss
   237 | D:1      | Found a faded altar of an unknown god.
   241 | D:1      | Reached * piety under Lugonu
   242 | D:1      | Reached skill level 1 in Dodging
   362 | D:1      | Gained mutation: You regenerate a little health from kills.
                  | [demonic ancestry]
   362 | D:1      | Reached XP level 2. HP: 3/24 MP: 3/3
  2037 | D:1      | HP: 1/24 [gnoll (6)]
  2088 | D:1      | Slain by a gnoll

Illustrated notes

Levels and vault maps discovered:
D:1:      onia_arrival_pentagram, layout_basic, serial_forest,
          infiniplex_forest_end_2, infiniplex_forest_clump_curved,
          infiniplex_forest_straight_1, infiniplex_forest_end_1,
          infiniplex_forest_join, infiniplex_forest_lined_room_3,
          infiniplex_forest_clump_large, infiniplex_forest_lined_2,
          infiniplex_forest_clump_diagonal, dreamdust_ecumenical_altar_statues
D:2:      layout_loops_cross, kennysheep_another_room, grunt_ministairs_5,
          minmay_stone_trees_medium

Skill      XL: |  1  2 |
---------------+-------+-----
Dodging        | 1 |  1.5
Short Blades   | 2 |  2.1
Armour         | 2 |  2.0
Fighting       | |  3.1
Invocations    | |  2.7

Action                   || total
-------------------------++-------
Melee: Short sword       ||    74
Invok: Depart the Abyss  ||     1
Armor: Leather armour    ||    21
Dodge: Dodged            ||    37
Block: Buckler           ||     6

Table legend: (Time is in decaauts)
 A = Elapsed time spent in this place.
 B = Non-inter-level travel time spent in this place.
 C = Inter-level travel time spent in this place.
 D = Time resting spent in this place.
 E = Time spent auto-exploring this place.
 F = Levels seen in this place.
 G = Mean time per level.
                   A        B        C        D        E       F      G
               +--------+--------+--------+--------+--------+-----+--------+
         Total |   2095 |   2070 |     25 |    384 |   1357 |   3 |  698.3 |
       Dungeon |   1976 |   1951 |     25 |    384 |   1262 |   2 |  988.0 |
         Abyss |    119 |    119 |      0 |      0 |     95 |   1 |  119.0 |
               +--------+--------+--------+--------+--------+-----+--------+

Top non-repeatable levels by time:
     D:1: 1827 daAuts
     D:2: 149 daAuts
 Abyss:1: 119 daAuts
